 Dungeon Crawl Stone Soup version 0.27-a0-802-gbe893936b8 (webtiles) character file.

Game seed: 8676612017136222424

388566 Essalna the Spry (level 23, -5/180 HPs)
             Began as a Djinni Venom Mage on Mar 28, 2021.
             Was the Champion of Makhleb.
             Slain by Mennas
             ... wielding a +2 sacred scourge of holy wrath
              (19 damage)
             ... on level 3 of the Vaults.
             The game lasted 02:42:07 (40795 turns).

Essalna the Spry (Djinni Venom Mage)               Turns: 40795, Time: 02:42:08

Health: -5/180     AC:  8    Str:  7    XL:     23   Next: 5%
Gold:   6913       EV: 21    Int: 27    God:    Makhleb [******] SH: 15 Dex: 14

rFire    + + +     SeeInvis +   B - staff of fire
rCold    + . .     Faith    .   q - +3 buckler
rNeg     + + +     Spirit   .   L - +0 troll leather armour
rPois    ∞         Reflect  +   w - +0 helmet of Watchfulness {Will+}
rElec    .         Harm     .   H - scarf {shadows}
rCorr    .         Rampage  .   l - +1 pair of gloves {Stlth+}
Will     ++++.                  (boots unavailable)
Stlth    +.........             h - amulet of reflection
HPRegen  1.40/turn              a - ring "Jytow" {+Fly rC+ rN+++ SInv Stlth-}
MPRegen  0.00/turn              T - ring of Qiqian {rC+ Will+}

@: flying, hasted, glowing, very quick
A: fire resistance 2, cold vulnerability 1, float, innate caster, hp casting,
extra vitality 1, screaming 1
}: 2/15 runes: decaying, gossamer
a: Renounce Religion, Minor Destruction, Lesser Servant of Makhleb, Major
Destruction, Greater Servant of Makhleb


You were on level 3 of the Vaults.
You worshipped Makhleb.
Makhleb was exalted by your worship.
You visited 7 branches of the dungeon, and saw 36 of its levels.
You visited the Abyss 1 time.
You also visited: Bailey, Ice Cave and Volcano.

You collected 8585 gold pieces.
You spent 1672 gold pieces at shops.

Inventory:

Hand Weapons
 k - a +0 demon whip of electrocution
Armour
 f - a +0 buckler of positive energy
 l - a +1 pair of gloves of stealth (worn)
 q - a +3 buckler (worn)
 r - a +3 leather armour of positive energy
 w - the +0 helmet of Watchfulness (worn) {Will+}
   (You bought it in a shop on level 2 of the Vaults)

   It affects your willpower, your defense against some magical effects.
 H - a scarf of shadows (worn)
 L - a +0 troll leather armour (worn)
 R - a +2 helmet
 V - a +1 robe of cold resistance
Magical Staves
 g - a staff of poison
 v - a staff of earth
 A - a staff of air
 B - a staff of fire (weapon)
 S - a staff of death
 W - a staff of cold
Jewellery
 a - the ring "Jytow" (left hand) {+Fly rC+ rN+++ SInv Stlth-}
   (You took it off a deep elf pyromancer on level 12 of the Dungeon)

   [ring of protection from cold]

   It protects you from cold.
   It renders you almost immune to negative energy.
   It lets you see invisible.
   It lets you fly.
   It makes you less stealthy.
 h - an amulet of reflection (around neck)
 j - a +6 ring of intelligence
 p - a +4 ring of protection
 N - a ring of resist corrosion
 T - the ring of Qiqian (right hand) {rC+ Will+}
   (You found it on level 3 of the Lair of Beasts)

   [ring of protection from cold]

   It protects you from cold.
   It affects your willpower, your defense against some magical effects.
Wands
 s - a wand of acid (4)
 F - a wand of digging (11)
Scrolls
 c - 11 scrolls of teleportation
 d - 11 scrolls of magic mapping
 n - 6 scrolls of summoning
 o - 4 scrolls of fear
 y - a scroll of silence
 C - 4 scrolls of enchant weapon
 D - 9 scrolls of enchant armour
 E - 3 scrolls of holy word
 J - a scroll of brand weapon
 M - 22 scrolls of identify
 Z - a scroll of fog
Potions
 b - 8 potions of might
 e - 7 potions of ambrosia
 i - 8 potions of invisibility
 m - 16 potions of curing
 u - 5 potions of mutation
 z - 3 potions of cancellation
 I - 4 potions of resistance
 K - 2 potions of brilliance
 X - 3 potions of haste
 Y - a potion of berserk rage


   Skills:
 + Level 20.1 Fighting
 - Level 6.0 Armour
 + Level 20.8 Dodging
 - Level 1.5 Stealth
 + Level 11.8 Shields
 + Level 18.4 Spellcasting


You couldn't memorise any spells.
You knew the following spells:

 Your Spells              Type           Power      Damage    Failure   Level
a - Sting                 Tmut/Pois      100%       1d8       0%          1
b - Poisonous Vapours     Pois/Air       100%       N/A       0%          2
c - Mephitic Cloud        Conj/Pois/Air  90%        N/A       0%          3
d - Ignite Poison         Fire/Tmut/Pois 100%       N/A       0%          3
e - Olgreb's Toxic Radia  Pois           90%        N/A       0%          4
f - Apportation           Tloc           100%       N/A       0%          1
g - Slow                  Hex            90%        N/A       0%          2
h - Inner Flame           Hex/Fire       100%       N/A       0%          3
i - Sticky Flame          Conj/Fire      100%       2d11      0%          4
j - Irradiate             Conj/Tmut      45%        3d28      1%          5
k - Yara's Violent Unrav  Hex/Tmut       45%        3d18      1%          5
l - Shadow Creatures      Summ           N/A        N/A       1%          6
m - Starburst             Conj/Fire      56%        8x6d15    1%          6
n - Summon Hydra          Summ           45%        N/A       1%          7
o - Discord               Hex            45%        N/A       9%          8
p - Chain Lightning       Conj/Air       45%        N/A       9%          8
Your spell library was empty.

Dungeon Overview and Level Annotations

Branches:
Dungeon (15/15)            Temple (1/1) D:4            Lair (6/6) D:10
  Swamp (4/4) Lair:2       Spider (4/4) Lair:3        Slime (0/5) Lair:5
    Orc (2/2) D:10            Elf (0/3) Orc:2        Vaults (4/5) D:13
  Crypt (0/3) Vaults:2     Depths (0/5) D:15         Bailey (visited)
  IceCv (visited)         Volcano (visited)

Altars:
Ashenzari
Dithmenos
Fedhas
Gozag
Hepliaklqana
Makhleb
Okawaru
Ru
Trog
Uskayaw
Vehumet
Wu Jian
Xom
Yredelemnul
Zin
The Shining One
Beogh
Jiyva

Shops:
D:4 =*?=?   D:5 *   D:10 (:   D:12 [   Orc:2 ?*[?   Vaults:2 [*((
Vaults:3 **(

Annotations:
D:6 exclusion: statue
D:7 exclusion: oklob plant
D:8 2 transporters, CryoSword's ghost, novice MfGl
Lair:6 exclusion: 2 oklob plants
Swamp:1 Roxanne
Vaults:1 Qisahyorgh's ghost, master GnTm
Vaults:3 Mennas


Innate Abilities, Weirdness & Mutations

You are immune to poison.
Your flesh is very heat resistant. (rF++)
You are vulnerable to cold. (rC-)
You float through the air rather than walking.
You learn spells naturally, not from books.
Your magical power is your life essence.
You have superior vitality. (+4 HP)
You occasionally shout uncontrollably at your foes.


Message History

Casting: Chain Lightning (dangerous; 9% risk of failure)
Confirm with . or Enter, or press ? or * to list all spells.
You hear a mighty clap of thunder!
The lightning arc hits Mennas!
Mennas resists.
Mennas is heavily wounded.
The lightning arc hits you.
* * * LOW HITPOINT WARNING * * *
The lightning arc hits Mennas!
Mennas resists.
Mennas is severely wounded.
The lightning arc hits you.
* * * LOW HITPOINT WARNING * * *
The lightning arc hits Mennas.
Mennas resists.
Mennas is severely wounded.
The lightning arc hits you.
* * * LOW HITPOINT WARNING * * *
The lightning arc hits Mennas.
Mennas resists.
Mennas is severely wounded.
The lightning arc hits you.
* * * LOW HITPOINT WARNING * * *
x2 Mennas completely misses you.
You block Mennas's attack.
Mennas gestures frantically.
Mennas is healed somewhat.
You feel much better.
Mennas hits you with a +2 sacred scourge of holy wrath!!
* * * LOW HITPOINT WARNING * * *
You block Mennas's attack.
You feel yourself speed up.
Mennas gestures frantically.
You resist with almost no effort.
Mennas gestures frantically.
Mennas is healed somewhat.
There is a stone staircase leading up here.
Mennas hits you with a +2 sacred scourge of holy wrath!!
* * * LOW HITPOINT WARNING * * *
Mennas completely misses you.
You fly upwards.
There is a stone staircase leading down here.
You feel better.
Mennas hits you with a +2 sacred scourge of holy wrath!!
You die...

.....⌠.# #.###.....###.##...
#..#...# ##.#.#...#.#.###...
...##### ##.)#..#.#..#..##...
..)[.## #...))..#.))))..'...
##†).)# ##..#..#.#.)#..##...
.#....# ##.#.#...#.#.###...
.##..∩# #.###.....###.##...
.###### #..####+####..##...
######### #.@.#.....#...##...
#...#...# #A...#...#.)..#####
.#.#[...# #######.#######
#.#.#)).#############'###########
.#.#.#.##........................
#.#.#)#)#........................
.#.#)#..'........................
#.#.#.#.#........................
.#[#.#.##).......................


You could see Mennas.

Vanquished Creatures
  Bai Suzhen (Spider:4)
  Nikola (Spider:4)
  Rupert (Spider:1)
  A quicksilver dragon (Vaults:4)
  A sphinx (Vaults:1)
  3 tengu reavers
  Frances (Swamp:1)
  An azure jelly (D:13)
  Kirke (D:14)
  2 fenstrider witches
  2 frost giants
  4 emperor scorpions
  6 ghost moths
  An orc warlord (Vaults:3)
  15 vault wardens
  Louise (Spider:4)
  12 ironbound preservers
  3 war gargoyles (Vaults:3)
  A very ugly thing (Vaults:2)
  Nessos (Lair:5)
  A vampire knight (Vaults:2)
  The ghost of Ulle the Blocker, a journeyman GnFi of Wu Jian (Orc:2)
  3 dire elephants
  6 bunyips
  A spark wasp (Spider:4)
  3 entropy weavers
  5 eleionomae
  5 great orbs of eyes
  Fannar (Lair:3)
  5 yaktaur captains
  26 hydras
  2 peacekeepers (Vaults:3)
  2 shambling mangroves
  7 ironbound thunderhulks
  A catoblepas (Lair:5)
  3 ogre magi
  9 boulder beetles
  9 vault guards
  Erolcha (D:10)
  10 centaur warriors
  3 ghost crabs
  9 ironbound frosthearts
  A death knight (D:11)
  4 tengu warriors
  4 death yaks (Lair:6)
  8 alligators
  16 two-headed ogres
  6 orc high priests
  4 ironbound beastmasters
  3 spriggan berserkers (Swamp:4)
  A fire crab (Lair:6)
  Sonja (Lair:4)
  2 soul eaters (Vaults:2)
  A storm dragon zombie (Vaults:3)
  13 spriggans
  5 skeletal warriors
  3 goliath frogs
  4 spriggan druids
  10 deep trolls
  11 swamp dragons
  Pikel (D:5)
  9 bog bodies
  15 orc knights
  6 harpies
  4 necromancers
  5 lindwurms (Vaults:1)
  14 wizards
  A sphinx zombie (Vaults:3)
  9 deep elf pyromancers
  21 ironbound convokers
  23 orb spiders
  A fire giant zombie (Vaults:3)
  4 deep elf zephyrmancers (Orc:1)
  2 orc sorcerers
  30 ugly things
  2 manticores (D:12)
  2 will-o-the-wisps
  18 wolf spiders
  A moth of wrath (Orc:2)
  9 cyclopes
  3 salamanders (Volcano)
  7 elephants
  8 black mambas
  13 cane toads
  A torpor snail (Spider:3)
  16 vault sentinels
  2 unseen horrors
  18 yaktaurs
  A meliai (Spider:4)
  A freezing wraith (D:14)
  2 rime drakes
  8 demonic crawlers
  18 komodo dragons
  A kobold demonologist (D:7)
  9 tyrant leeches
  8 trolls
  3 tengu conjurers
  36 jumping spiders
  20 polar bears
  5 bloated husks
  26 hornets
  29 slime creatures
  21 blink frogs
  A dream sheep (Lair:3)
  An ettin zombie (Vaults:1)
  76 redbacks
  A shadow (D:12)
  5 wyverns
  37 yaks
  2 vampires
  33 tarantellas
  Eustachio (D:5)
  A human (shapeshifter) (D:12)
  3 wraiths
  A fire bat (Volcano)
  17 vampire mosquitoes
  8 basilisks
  4 hogs (D:14)
  A steam dragon (Lair:6)
  Grum (D:9)
  2 wargs
  Menkaure (D:7)
  11 swamp worms
  An acid dragon (D:12)
  5 hell hounds
  19 water moccasins
  4 swamp drakes
  3 ice beasts
  2 hornet zombies
  A black bear (Lair:1)
  A sky beast (D:3)
  A black bear (shapeshifter) (D:15)
  39 orc warriors
  A deep troll simulacrum (Vaults:1)
  An ettin simulacrum (Vaults:1)
  47 wolves
  14 ogres
  An ogre (shapeshifter) (D:15)
  24 centaurs
  2 lemures (D:5)
  2 phantoms
  3 kobold brigands
  15 bullfrogs
  A small abomination (Abyss:2)
  8 gnoll sergeants
  A human skeleton (Vaults:1)
  A scorpion (D:4)
  3 killer bees (D:7)
  A human simulacrum (Vaults:3)
  12 wights
  5 electric eels
  2 howler monkeys
  3 bullfrog zombies
  5 lava snakes
  6 centaur zombies
  4 starcursed masses (Abyss:2)
  5 hounds
  2 jellies
  2 gnoll shamans
  Crazy Yiuf (D:5)
  28 orc priests
  A centaur skeleton (D:7)
  2 iguanas
  A hell rat (Lair:3)
  2 lightning spires (Swamp:1)
  28 orc wizards
  3 killer bee zombies
  2 hound zombies (D:5)
  A hound skeleton (D:5)
  A howler monkey zombie (D:5)
  26 gnolls
  11 adders
  A white imp (D:8)
  An adder skeleton (D:4)
  6 dart slugs
  114 orcs
  2 endoplasms
  2 giant cockroaches
  2 goblins
  3 hobgoblins
  11 jackals
  11 kobolds
  9 quokkas
  11 ball pythons
  10 bats
  6 frilled lizards
  8 rats
  A bush (D:5)
  A plant (Swamp:2)
1462 creatures vanquished.

Vanquished Creatures (collateral kills)
  Mara (Vaults:3)
  A titan (Vaults:3)
  A war gargoyle (Vaults:3)
  Azrael (Spider:1)
  The ghost of Tinttamiau the Nimble, a journeyman MfWn of Hepliaklqana (Lair:4)
  3 crystal guardians (Vaults:3)
  A fire dragon (Lair:6)
  Josephine (D:12)
  A shambling mangrove (Swamp:1)
  4 hydras
  An ironbound frostheart (Vaults:3)
  A two-headed ogre (D:12)
  A hell knight (Vaults:3)
  A skeletal warrior (D:11)
  A bog body (Swamp:1)
  A phantasmal warrior (D:11)
  An orc knight (Orc:2)
  2 wolf spiders (Spider:4)
  2 oklob plants (Lair:6)
  2 ugly things (D:12)
  A cyclops (D:15)
  A will-o-the-wisp (Swamp:1)
  A black mamba (Lair:6)
  3 molten gargoyles (Lair:6)
  2 gargoyles (D:12)
  A yaktaur (Vaults:3)
  An efreet (D:15)
  2 komodo dragons (Lair:6)
  2 trolls (Orc:2)
  A jumping spider (Spider:2)
  5 slime creatures (D:12)
  4 redbacks (Spider:4)
  7 wraiths
  A shadow (D:11)
  A fire elemental (Spider:1)
  A tarantella (Spider:1)
  A steam dragon (Lair:6)
  3 basilisks (Lair:6)
  5 hell hounds
  A swamp drake (Swamp:1)
  A nameless horror (D:11)
  A bullfrog (Lair:4)
  2 wights
  A lava snake (Lair:6)
  An orc wizard (D:12)
  An orc (D:11)
79 creatures vanquished.

Vanquished Creatures (others)
  A war gargoyle (Vaults:3)
  An entropy weaver (Spider:1)
  A boulder beetle (D:14)
  A will-o-the-wisp (Swamp:1)
  2 meliai (Spider:4)
  2 bloated husks (Swamp:1)
  2 redbacks (Spider:4)
  A human (D:14)
  A nameless horror (Swamp:1)
  A kobold brigand (D:11)
  2 ball lightnings (Swamp:1)
  14 foxfires
  11 fungi
  104 plants
144 creatures vanquished.

Grand Total: 1685 creatures vanquished

Notes
Turn   | Place    | Note
-------+----------+-------------------------------------------
     0 | D:1      | Essalna the Djinni Venom Mage began the quest for the Orb.
     0 | D:1      | Reached XP level 1. HP: 15/15 MP: 0/0
   444 | D:1      | Reached skill level 1 in Fighting
   444 | D:1      | Reached XP level 2. HP: 21/22 MP: 0/0
  1055 | D:1      | Reached XP level 3. HP: 25/27 MP: 0/0
  1055 | D:1      | Learned a level 1 spell: Apportation
  2005 | D:2      | Reached XP level 4. HP: 31/33 MP: 0/0
  2092 | D:2      | Found a faded altar of an unknown god.
  2941 | D:2      | Found a hazy altar of Hepliaklqana.
  3101 | D:2      | Found a broken altar of Ashenzari.
  3388 | D:2      | Found an iron altar of Okawaru.
  3537 | D:3      | Reached XP level 5. HP: 23/40 MP: 0/0
  3537 | D:3      | Learned a level 2 spell: Slow
  3708 | D:3      | Noticed a sky beast
  3716 | D:3      | Killed a sky beast
  3799 | D:3      | Noticed a phantom
  3982 | D:3      | Found a sacrificial altar of Ru.
  4218 | D:3      | Killed a phantom
  4219 | D:3      | Reached XP level 6. HP: 38/47 MP: 0/0
  5504 | D:4      | Reached XP level 7. HP: 43/53 MP: 0/0
  5504 | D:4      | Learned a level 3 spell: Inner Flame
  5529 | D:4      | Reached skill level 5 in Spellcasting
  5700 | D:4      | Reached skill level 5 in Fighting
  5736 | D:4      | Found Xisakk's Magic Scroll Shoppe.
  5920 | D:4      | Found Ravveni's Jewellery Shoppe.
  6217 | D:4      | Found Axteton's Magic Scroll Shop.
  6236 | D:4      | Found a staircase to the Ecumenical Temple.
  6248 | Temple   | Entered the Ecumenical Temple
  6317 | Temple   | Became a worshipper of Makhleb the Destroyer
  6387 | D:4      | Found Asti Tiyruich's Assorted Antiques.
  6477 | D:4      | Bought a coppery potion for 19 gold pieces
  6477 | D:4      | Bought a scroll labelled VUT URPHAOD for 22 gold pieces
  6477 | D:4      | Bought a smoky dark potion for 19 gold pieces
  6477 | D:4      | Bought a scroll labelled LAV LA DYHUEN for 22 gold pieces
  6477 | D:4      | Bought a scroll labelled DUKKU LOOMO for 22 gold pieces
  6561 | D:4      | Found Odderak's Jewellery Emporium.
  6940 | D:4      | Found a glowing silver altar of Zin.
  7123 | D:5      | Entered Level 5 of the Dungeon
  7287 | D:5      | Found Wungawk's Lightly-Used Armoury.
  7354 | D:5      | Reached XP level 8. HP: 26/61 MP: 0/0
  7542 | D:5      | Found a basalt altar of Yredelemnul.
  8077 | D:5      | Noticed Eustachio
  8081 | D:5      | Killed Eustachio
  8082 | D:5      | Reached skill level 1 in Shields
  8672 | D:5      | Noticed Pikel
  8676 | D:5      | Killed Pikel
  8677 | D:5      | Reached XP level 9. HP: 50/68 MP: 0/0
  8677 | D:5      | Learned a level 4 spell: Sticky Flame
  8916 | D:5      | Found a runed translucent door.
  8917 | D:5      | Noticed Crazy Yiuf
  8926 | D:5      | Killed Crazy Yiuf
  9347 | D:6      | Noticed a +0 falchion
  9347 | D:6      | Noticed a +0 falchion
  9349 | D:6      | Noticed a +0 short sword
  9352 | D:6      | Noticed a +0 dagger
  9352 | D:6      | Noticed a +0 spear
  9353 | D:6      | Noticed a +0 spear
  9353 | D:6      | Noticed a +0 short sword
  9353 | D:6      | Noticed a +0 dagger
  9355 | D:6      | Found a hide-covered altar of Uskayaw.
  9374 | D:6      | Reached * piety under Makhleb
 10149 | D:7      | You are sucked into a shaft and drop 2 floors!
 10397 | D:8      | Found a flagged portal.
 10446 | D:8      | Reached skill level 5 in Dodging
 10496 | Bailey   | Entered a bailey
 10643 | Bailey   | Reached ** piety under Makhleb
 10644 | Bailey   | Reached XP level 10. HP: 77/77 MP: 0/0
 10683 | Bailey   | Noticed an orc knight
 10690 | Bailey   | Killed an orc knight
 10690 | Bailey   | Noticed an orc knight
 10692 | Bailey   | Noticed an orc knight
 10695 | Bailey   | Killed an orc knight
 10698 | Bailey   | Killed an orc knight
 10857 | Bailey   | Noticed an orc knight
 10864 | Bailey   | Killed an orc knight
 10900 | D:8      | Identified a scroll of acquirement
 10900 | D:8      | Acquired 713 gold pieces
 10937 | D:7      | Noticed Menkaure
 10940 | D:7      | Killed Menkaure
 11264 | D:4      | Bought a scroll of acquirement for 624 gold pieces
 11265 | D:4      | Acquired 936 gold pieces
 11482 | D:7      | Found an ornate altar of the Wu Jian Council.
 11540 | D:7      | Noticed a kobold demonologist
 11546 | D:7      | Killed a kobold demonologist
 11742 | D:8      | Found a shadowy altar of Dithmenos.
 11758 | D:8      | Found a transporter.
 11760 | D:8      | Noticed CryoSword's ghost (novice MfGl)
 11798 | D:8      | Reached XP level 11. HP: 77/85 MP: 0/0
 11798 | D:8      | Learned a level 5 spell: Irradiate
 11859 | D:8      | Reached skill level 10 in Fighting
 12127 | D:8      | Found a transporter.
 12641 | D:7      | Found a blossoming altar of Fedhas.
 12669 | D:7      | Noticed an oklob plant
 13295 | D:9      | Noticed a two-headed ogre
 13367 | D:9      | Noticed a two-headed ogre
 13371 | D:9      | Killed a two-headed ogre
 13546 | D:9      | Killed a two-headed ogre
 13650 | D:9      | Noticed Grum
 13654 | D:9      | Killed Grum
 13718 | D:9      | Reached *** piety under Makhleb
 13862 | D:10     | Entered Level 10 of the Dungeon
 13862 | D:10     | Found Kithocyp's Weapon Emporium.
 13862 | D:10     | Noticed Erolcha
 13867 | D:10     | Cast into level 1 of the Abyss (Erolcha)
 13867 | Abyss:1  | Found a corrupted altar of Lugonu.
 13976 | Abyss:2  | Noticed a hell knight
 13979 | Abyss:2  | Noticed a rakshasa
 13999 | Abyss:2  | Noticed a starcursed mass
 14003 | Abyss:2  | Noticed a worldbinder
 14082 | D:10     | Escaped the Abyss
 14089 | D:10     | Killed Erolcha
 14230 | D:10     | Found a staircase to the Orcish Mines.
 14233 | D:10     | Reached skill level 10 in Dodging
 14233 | D:10     | Reached skill level 10 in Spellcasting
 14233 | D:10     | Reached **** piety under Makhleb
 14234 | D:10     | Reached XP level 12. HP: 94/94 MP: 0/0
 14252 | Orc:1    | Entered Level 1 of the Orcish Mines
 14340 | Orc:1    | Found a dark tunnel.
 14346 | Orc:1    | Paralysed by an orc sorcerer for 4 turns
 14347 | Orc:1    | Noticed an orc high priest
 14350 | Volcano  | Entered a volcano
 14441 | Volcano  | Noticed a two-headed ogre
 14448 | Volcano  | Killed a two-headed ogre
 14608 | Volcano  | Noticed a two-headed ogre
 14614 | Volcano  | Killed a two-headed ogre
 14702 | Orc:1    | Killed an orc high priest
 15378 | Orc:2    | Entered Level 2 of the Orcish Mines
 15511 | Orc:2    | Found a staircase to the Elven Halls.
 15528 | Orc:2    | Reached XP level 13. HP: 102/102 MP: 0/0
 15528 | Orc:2    | Learned a level 5 spell: Yara's Violent Unravelling
 15571 | Orc:2    | Reached ***** piety under Makhleb
 15787 | Orc:2    | Found Xiexziox's Armour Emporium.
 15790 | Orc:2    | Found Teasammy's Magic Scroll Emporium.
 15791 | Orc:2    | Found Oluxoli's General Store.
 15792 | Orc:2    | Found Duolol's Magic Scroll Emporium.
 16060 | Orc:2    | Found a transporter.
 16067 | Orc:2    | Noticed Ulle's ghost (journeyman GnFi)
 16091 | Orc:2    | Found a transporter.
 16098 | Orc:2    | Found a bloodstained altar of Trog.
 16206 | Orc:2    | Reached ****** piety under Makhleb
 16378 | Orc:2    | Killed Ulle's ghost
 16612 | D:10     | Found a staircase to the Lair.
 16627 | Lair:1   | Entered Level 1 of the Lair of Beasts
 17183 | Lair:1   | Reached XP level 14. HP: 111/111 MP: 0/0
 17454 | Lair:2   | Found a staircase to the Swamp.
 17850 | Lair:2   | You are sucked into a shaft and drop 1 floor!
 17954 | Lair:3   | Found a hole to the Spider Nest.
 18364 | Lair:3   | Identified the ring of Qiqian {rC+ Will+}
 18408 | Lair:3   | Found a frozen archway.
 18438 | IceCv    | Entered an ice cave
 18557 | IceCv    | Noticed a frost giant
 18567 | IceCv    | Killed a frost giant
 18629 | IceCv    | Found the +7 great mace "Firestarter" {inner flame, rF++}
 19047 | Lair:3   | Noticed Fannar
 19057 | Lair:3   | Killed Fannar
 19716 | Lair:2   | You are sucked into a shaft and drop 2 floors!
 19720 | Lair:4   | Noticed Sonja
 19740 | Lair:4   | Killed Sonja
 19949 | Lair:4   | Reached XP level 15. HP: 118/118 MP: 0/0
 19949 | Lair:4   | Learned a level 6 spell: Shadow Creatures
 20032 | Lair:4   | Identified the +5 scale mail of Ruffemer {rC+}
 20067 | Lair:4   | Found a runed translucent gate.
 20067 | Lair:4   | Found a runed translucent gate.
 20069 | Lair:4   | Noticed Tinttamiau's ghost (journeyman MfWn)
 20078 | Lair:4   | Found a runed translucent gate.
 20106 | Lair:4   | Killed Tinttamiau's ghost
 20363 | Lair:4   | Reached skill level 15 in Fighting
 20828 | Lair:5   | Reached skill level 15 in Dodging
 21012 | Lair:5   | You are sucked into a shaft and drop 1 floor!
 21012 | Lair:6   | Entered Level 6 of the Lair of Beasts
 21120 | Lair:5   | Found a staircase to the Slime Pits.
 21120 | Lair:5   | Found a viscous altar of Jiyva.
 21135 | Lair:5   | Noticed Nessos
 21140 | Lair:5   | Killed Nessos
 22496 | Lair:6   | Found a large runed translucent door.
 22496 | Lair:6   | Found a large runed translucent door.
 23481 | Swamp:1  | Entered Level 1 of the Swamp
 23791 | Swamp:1  | Noticed Frances
 23800 | Swamp:1  | Killed Frances
 24401 | Swamp:1  | Noticed Roxanne
 24787 | D:10     | Found Oppum's Book Boutique.
 25049 | D:11     | Reached XP level 16. HP: 128/128 MP: 0/0
 26184 | D:12     | Found Antoiwu's Antique Armour Emporium.
 26443 | D:12     | Noticed Josephine
 26460 | D:12     | Killed Josephine
 26678 | D:12     | Found an ornate altar of the Wu Jian Council.
 27176 | D:12     | Identified the +4 mace of Dismemberment {protect, Fragile
                  | Str+8 Dex-3 SInv}
 27176 | D:12     | Identified the ring "Jytow" {+Fly rC+ rN+++ SInv Stlth-}
 27301 | D:12     | Identified the Collected Works on Transmigration
 28076 | D:13     | Found a gate to the Vaults.
 28178 | D:13     | Reached skill level 15 in Spellcasting
 28178 | D:13     | Reached XP level 17. HP: 135/135 MP: 0/0
 28178 | D:13     | Learned a level 6 spell: Starburst
 28179 | D:13     | Reached XP level 18. HP: 141/141 MP: 0/0
 28229 | D:13     | Found a viscous altar of Jiyva.
 28285 | D:13     | Found a transporter.
 28287 | D:13     | Found a transporter.
 28545 | D:14     | Noticed Kirke
 28550 | D:14     | Killed Kirke
 28600 | D:14     | Reached XP level 19. HP: 147/147 MP: 0/0
 28600 | D:14     | Learned a level 7 spell: Summon Hydra
 28732 | D:14     | You are sucked into a shaft and drop 1 floor!
 28732 | D:15     | Entered Level 15 of the Dungeon
 29867 | D:15     | Found a staircase to the Depths.
 30293 | D:15     | Acquired 1214 gold pieces
 32223 | Swamp:4  | Entered Level 4 of the Swamp
 32452 | Swamp:4  | Reached skill level 1 in Armour
 32569 | Swamp:4  | Reached XP level 20. HP: 157/157 MP: 0/0
 32805 | Swamp:4  | Reached skill level 5 in Shields
 33140 | Swamp:4  | Got a decaying rune of Zot
 33368 | Spider:1 | Entered Level 1 of the Spider Nest
 33492 | Spider:1 | Identified the +0 scale mail of Kanusmup {rPois}
 33793 | Spider:1 | Noticed Rupert
 33798 | Spider:1 | Killed Rupert
 33828 | Spider:1 | Noticed Azrael
 33879 | Spider:1 | Killed Azrael
 34567 | Spider:2 | Reached skill level 5 in Armour
 34789 | Spider:2 | Identified the +4 ring mail "Idghoutt" {rPois Int+2 Dex+2}
 35601 | Spider:4 | Entered Level 4 of the Spider Nest
 35615 | Spider:4 | Noticed Bai Suzhen
 35625 | Spider:4 | Killed Bai Suzhen
 35774 | Spider:4 | Noticed Louise
 35778 | Spider:4 | Killed Louise
 35818 | Spider:4 | Reached XP level 21. HP: 164/164 MP: 0/0
 35818 | Spider:4 | Learned a level 8 spell: Discord
 36131 | Spider:4 | Noticed Nikola
 36139 | Spider:4 | Killed Nikola
 36272 | Spider:4 | Got a gossamer rune of Zot
 36686 | Vaults:1 | Entered Level 1 of the Vaults
 37159 | Vaults:1 | Found a runed translucent door.
 37159 | Vaults:1 | Identified the ring "Gyom Bili" {+Fly rCorr Str+3}
 37159 | Vaults:1 | Noticed Qisahyorgh's ghost (master GnTm)
 38209 | Vaults:2 | Reached skill level 10 in Shields
 38213 | Vaults:2 | Reached XP level 22. HP: 159/173 MP: 0/0
 38225 | Vaults:2 | Found a staircase to the Crypt.
 38543 | Vaults:2 | Found Hedynuneh's Antique Armour Shop.
 38906 | Vaults:2 | Found Gozag's Assorted Antiques.
 38932 | Vaults:2 | Gained mutation: You occasionally shout uncontrollably at
                  | your foes. [you]
 39016 | Vaults:2 | Found an opulent altar of Gozag.
 39018 | Vaults:2 | Found Gozag's Antique Weapon Boutique.
 39023 | Vaults:2 | Found Gozag's Antique Weapon Shop.
 39161 | Vaults:2 | Bought a faintly glowing helmet for 275 gold pieces
 39161 | Vaults:2 | Identified the +0 helmet of Watchfulness {Will+} (You
                  | bought it in a shop on level 2 of the Vaults)
 39487 | Vaults:3 | Noticed Mara
 39498 | Vaults:3 | Noticed Essalna's illusion
 39521 | Vaults:3 | HP: 8/174 [ironbound frostheart (17)]
 39584 | Vaults:3 | Found Bebuz's Assorted Antiques.
 39584 | Vaults:3 | Found Saequgor's Antique Weapon Emporium.
 39685 | Vaults:3 | Bought an encrusted flail for 297 gold pieces
 39685 | Vaults:3 | Identified the +7 flail of the Living Dead {flame, +Fly rC+
                  | Stlth+} (You bought it in a shop on level 3 of the Vaults)
 39692 | Vaults:3 | Found Ogriprouf's Assorted Antiques.
 39718 | Vaults:3 | Bought a curved jewelled staff for 372 gold pieces
 39760 | Vaults:3 | Noticed Essalna's illusion
 39772 | Vaults:3 | Noticed Essalna's illusion
 39778 | Vaults:3 | Killed Mara
 40777 | Vaults:4 | Reached XP level 23. HP: 180/180 MP: 0/0
 40777 | Vaults:4 | Learned a level 8 spell: Chain Lightning
 40778 | Vaults:4 | Noticed Mennas
 40793 | Vaults:4 | HP: 4/180 [Mennas/+2 sacred scourge of holy wrath (28)]
 40795 | Vaults:3 | Slain by Mennas

Illustrated notes

Levels and vault maps discovered:
D:1:      amcnicky_arrival_flooded_fountain, layout_loops_ring,
          minmay_tiny_reverse_x
D:2:      layout_basic, nzn_hepliaklqana_mist_gate,
          nicolae_overflow_hidden_temple,
          chequers_ecumenical_altar_simple_redux, evilmike_ruin_ashenzari
D:3:      layout_basic, nicolae_ru_sacrificial_ziggurat
D:4:      layout_cave_pods, nicolae_overflow_crystal_walls,
          minmay_temple_entry_grid, serial_shops, nicolae_shop_window_shopping,
          nicolae_shop_waterfront, nicolae_shop_window_shopping, shop,
          nicolae_shop_stone, minmay_misc_feat_chi, saegor_snake_ambush
D:5:      layout_basic, nicolae_yredelemnul_corpse_copse, minmay_shop_damaged,
          uniq_eustachio, uniq_pikel, uniq_crazy_yiuf_cottage
D:6:      layout_loops_ring, nicolae_uskayaw_en_pointe, vehumet_statue
D:7:      layout_basic, marbit_many_paths, tgw_fedhas, uniq_menkaure
D:8:      layout_basic, kennysheep_little_box, gammafunk_ghost_mausoleum,
          enter_bailey_8, minmay_misc_feat_more_columns
D:9:      layout_rooms, minmay_holes, uniq_grum
D:10:     layout_big_octagon, kennysheep_orc_monster_closet_entryway,
          serial_shops, shop, serial_gnoll_camp, gnoll_camp_medium_02,
          gnoll_camp_mini_hut, gnoll_camp_mini_shop, gnoll_camp_mini_doghouse,
          gnoll_camp_mini_basic, uniq_erolcha
D:11:     layout_layer_cave
D:12:     minmay_the_grid_triangle_9x9_line_8_mashed
          [minmay_the_grid_triangle_9x9_semitri,
          minmay_the_grid_triangle_9x9_sparse_checkered,
          minmay_the_grid_triangle_9x9_flanged_cone,
          minmay_the_grid_triangle_9x9_alien,
          minmay_the_grid_triangle_9x9_cache,
          minmay_the_grid_triangle_9x9_from_above,
          minmay_the_grid_triangle_9x9_negative_grid,
          minmay_the_grid_triangle_9x9_prize_schism], layout_stronghold,
          basic_altar, serial_shops, shop, uniq_josephine
D:13:     gammafunk_jiyva_shrine, layout_gridville,
          skrybe_vaults_entry_preservation
D:14:     layout_loops_ring, hex_medium, lightli_corner_chamber, uniq_kirke
D:15:     grunt_enter_depths_snipers, layout_loops_corners, minmay_circle_x
Temple:   minmay_temple_forest_path
Lair:1:   layout_hall_layers, grunt_forest_stairs_basic, beast_lair_carwin_1,
          grunt_megastairs_4
Lair:2:   layout_chaotic_city, swamp_mist, serial_rivers,
          chequers_serial_rivers_small_3, chequers_serial_rivers_large_b,
          chequers_serial_rivers_room_a, chequers_serial_rivers_marsh,
          beast_lair_carwin_4
Lair:3:   nzn_winding_woodlands_cross [nzn_winding_woodlands_5x15_concentric,
          nzn_winding_woodlands_5x15_pool, nzn_winding_woodlands_5x15_eye,
          nzn_winding_woodlands_5x15_crooked,
          nzn_winding_woodlands_15x15_five_gardens], layout_cave_pods,
          spider_nest_entry_web_field, portal_ice_cave_entry_pillars_1,
          cheibrodos_lair_reptile_den, uniq_fannar
Lair:4:   layout_cave_pods, gammafunk_ghost_hydra_chop, uniq_sonja
Lair:5:   layout_roguey, slime_altar_1, chequers_serial_rivers_micro_a,
          st_stairs_10, lemuel_fruit_tree, grunt_megastairs_5, uniq_nessos
Lair:6:   cheibrodos_lair_end_hotspot, layout_misc_corridors,
          minmay_lair_oklob_chamber
Swamp:1:  nicolae_swamp_ascending_descending_big, layout_basic_swamp,
          evilmike_swamp_ruin_house_1, swamp_pool2, hangedman_swamp_phenomena,
          uniq_frances, uniq_roxanne
Swamp:2:  layout_basic_swamp, nicolae_swamp_some_circles
Swamp:3:  layout_basic_swamp, nicolae_swamp_tree_isthmus
Swamp:4:  swamp_basic_johnstein, layout_basic_swamp
Spider:1: layout_spider_delve, hangedman_spider_trapstep, uniq_azrael,
          uniq_rupert
Spider:2: nicolae_spider_mines_2, nicolae_spider_webs_and_nodes
Spider:3: layout_spider_delve
Spider:4: spider_rune_water, spiders_nest_ghost_moth_duel, uniq_bai_suzhen,
          uniq_nikola, uniq_louise
Orc:1:    layout_caves, nicolae_volcano_entry_hallway, elves_outpost_lemuel
Orc:2:    st_orc_pillars, layout_caves, basic_altar,
          gammafunk_ghost_wrathful_warriors, nicolae_orc_lost_temple
Vaults:1: ebering_vaults_ghost_inner_flame, ontoclasm_vaults_hangar,
          hangedman_vaults_hat, nicolae_vaults_little_squares_6,
          hangedman_vaults_stream, vaults_mumra_lcd, vaults_room_door_hall,
          ontoclasm_vaults_eye, dpeg_vaults_monster_row,
          nicolae_vaults_border_crossing, grunt_vaults_hallway_short,
          vaults_dpeg_ring, layout_vaults_omnicross
Vaults:2: ontoclasm_vaults_twist, minmay_crypt_entry_simple_sparse,
          hangedman_vaults_maws, ontoclasm_vaults_shuriken,
          hangedman_vaults_slither, vaults_dpeg_diagonal,
          kennysheep_vaults_gozag_temple, grunt_vaults_diagonal,
          v_alt_pattern_4, dpeg_vaults_monster_box, vaults_room_stairs_pillars,
          vaults_room_semicircle, nicolae_vaults_ninety_degrees,
          layout_vaults_maze, serial_shops, shop
Vaults:3: v_misc_16, vaults_mumra_hex, v_pattern_3, nicolae_vaults_triangles,
          hangedman_vaults_pinch, v_misc_27, hangedman_vaults_snaps,
          hangedman_vaults_hard_town_square, nicolae_vaults_little_squares_2,
          ontoclasm_vaults_ligature, nicolae_vaults_shelves_hall,
          layout_vaults_ring, uniq_mara
Vaults:4: gammafunk_vaults_ghost_cemetery, nicolae_vaults_network_s, v_rooms_3,
          nicolae_vaults_network_periphery, nicolae_vaults_little_ls,
          vaults_dpeg_spiral, v_misc_22, vaults_room_corners,
          vaults_mumra_minichess, ontoclasm_vaults_bender,
          vaults_room_door_ring, nicolae_vaults_twisting_passages,
          layout_vaults_big_room, serial_shops, shop, uniq_aizul, uniq_mennas,
          uniq_jory

Skill      XL: |  1  2  3  4  5  6  7  8  9 10 11 12 13 14 15 16 17 18 19 20 21 22 |
---------------+-------------------------------------------------------------------+-----
Fighting       | 1 2 3 4 6 7 8 9 11 12 13 14 15 16 18 19 20 | 20.1
Spellcasting   | 3 4 5 7 8 10 11 12 13 15 16 17 18 | 18.4
Shields        | 2 4 7 10 11 | 11.8
Dodging        | 3 5 8 10 11 13 14 15 16 17 18 19 20 | 20.8
Armour         | 2 6 |  6.0
Stealth        | |  1.5

Action                   |  1- 3 |  4- 6 |  7- 9 | 10-12 | 13-15 | 16-18 | 19-21 | 22-24 || total
-------------------------+-------+-------+-------+-------+-------+-------+-------+-------++-------
Melee: Hand axe          |       |     8 |   125 |    66 |   168 |    75 |    26 |       ||   468
       Demon whip        |       |       |       |       |       |       |     2 |     9 ||    11
       Staff             |       |       |       |       |       |       |       |     5 ||     5
 Cast: Sting             |    27 |     9 |    33 |    12 |   173 |       |       |       ||   254
       Poisonous Vapours |    32 |    88 |    61 |   127 |   233 |   142 |    47 |     7 ||   737
       Ignite Poison     |       |     1 |    25 |    65 |   177 |    68 |    28 |     3 ||   367
       Slow              |       |     1 |       |       |     8 |     4 |       |       ||    13
       Mephitic Cloud    |       |       |    11 |    11 |     8 |    22 |     3 |     1 ||    56
       Olgreb's Toxic Ra |       |       |     6 |    24 |    72 |     8 |    11 |     1 ||   122
       Irradiate         |       |       |       |     4 |     1 |       |       |       ||     5
       Sticky Flame      |       |       |       |       |    28 |    15 |     1 |       ||    44
       Yara's Violent Un |       |       |       |       |     3 |       |       |     1 ||     4
       Shadow Creatures  |       |       |       |       |    60 |    37 |    10 |    16 ||   123
       Starburst         |       |       |       |       |       |    16 |   649 |   183 ||   848
       Discord           |       |       |       |       |       |       |     3 |       ||     3
       Chain Lightning   |       |       |       |       |       |       |       |     5 ||     5
  Use: Scroll            |       |       |    12 |     6 |    12 |    10 |     2 |     2 ||    44
       Potion            |       |       |     1 |     1 |     3 |     4 |     1 |    12 ||    22
 Stab: Sleeping          |       |       |       |       |     1 |       |       |       ||     1
       Distracted        |       |       |       |       |       |     3 |       |       ||     3
       Confused          |       |       |       |       |       |     1 |     1 |       ||     2
Armor: Robe              |     5 |     6 |    38 |       |       |       |       |       ||    49
       Leather armour    |       |       |    19 |    20 |       |       |       |       ||    39
       Troll leather arm |       |       |       |    18 |    94 |    32 |    64 |    14 ||   222
Dodge: Dodged            |    20 |    12 |    66 |    65 |   305 |    98 |   269 |    87 ||   922
Block: Reflection        |       |     3 |     4 |    16 |     8 |    17 |    17 |    13 ||    78
       Other             |       |     3 |       |       |       |       |       |       ||     3
       Buckler           |       |     8 |    98 |    92 |   381 |   134 |   238 |    96 ||  1047

Table legend: (Time is in decaauts)
 A = Elapsed time spent in this place.
 B = Non-inter-level travel time spent in this place.
 C = Inter-level travel time spent in this place.
 D = Time resting spent in this place.
 E = Time spent auto-exploring this place.
 F = Levels seen in this place.
 G = Mean time per level.
                   A        B        C        D        E       F      G
               +--------+--------+--------+--------+--------+-----+--------+
         Total |  40941 |  37459 |   3482 |    174 |  29908 |  41 |  998.6 |
       Dungeon |  19758 |  18009 |   1749 |     15 |  15160 |  15 | 1317.2 |
        Temple |    126 |     70 |     56 |      0 |     67 |   1 |  126.0 |
          Lair |   6612 |   5829 |    783 |     24 |   4484 |   6 | 1102.0 |
         Swamp |   3751 |   3518 |    233 |     89 |   2748 |   4 |  937.8 |
   Spider Nest |   3104 |   2923 |    181 |     44 |   2284 |   4 |  776.0 |
  Orcish Mines |   1981 |   1704 |    277 |      0 |   1174 |   2 |  990.5 |
        Vaults |   4091 |   3891 |    200 |      2 |   3023 |   4 | 1022.8 |
         Abyss |    214 |    214 |      0 |      0 |      0 |   2 |  107.0 |
        Bailey |    401 |    401 |      0 |      0 |    323 |   1 |  401.0 |
      Ice Cave |    550 |    550 |      0 |      0 |    396 |   1 |  550.0 |
       Volcano |    348 |    348 |      0 |      0 |    249 |   1 |  348.0 |
               +--------+--------+--------+--------+--------+-----+--------+

Top non-repeatable levels by time:
     D:4: 2266 daAuts
     D:5: 2044 daAuts
     D:1: 1856 daAuts
  Lair:6: 1851 daAuts
     D:2: 1658 daAuts
    D:12: 1477 daAuts
Vaults:1: 1406 daAuts
Vaults:3: 1372 daAuts
     D:7: 1348 daAuts
     D:3: 1312 daAuts
Vaults:2: 1291 daAuts
 Swamp:1: 1287 daAuts
  Lair:3: 1255 daAuts
    D:15: 1219 daAuts
     D:6: 1142 daAuts
